Map: [ESL] Royal Blood

Players

RagnaroK (SHIN) - Winner!

  • Race: Zerg Zerg

Oliveira

  • Race: Terran Terran

Event: IEM Katowice 2023

VOD

Have the link to the VOD?

Description

Time

  • Played on: Feb. 11, 2023, 5:20 a.m.
  • Length: 15:16

All games in this series

Show
View Real Time Build Order
Export as new Build Order

RagnaroK Zerg - Winner!

Build Orders: Pool First 

Get SALT Encoding   

  12  0:00  Drone  
  13  0:08  Drone  
  14  0:16  Overlord  
  14  0:34  Drone x2  
  16  0:39  Spawning Pool  
  15  0:43  Drone  
  15  0:47  Drone  
  17  1:07  Hatchery  
  17  1:11  Drone  
  17  1:14  Drone  
  17  1:18  Drone  
  19  1:20  Extractor  
  18  1:28  Zergling x2  
  18  1:31  Queen  
  21  1:40  Drone  
  22  1:54  Overlord  
  22  2:12  Drone x2, Queen  
  26  2:19  Drone, Queen  
  29  2:23  Drone  
  29  2:24  Metabolic Boost  
  30  2:31  Drone  
  31  2:40  Hatchery  
  31  2:42  Drone  
  31  2:46  Drone  
  31  2:47  Drone  
  31  2:49  Drone  
  34  2:53  Overlord  
  34  2:58  Drone x2  
  36  3:09  Overlord  
  36  3:11  Queen  
  38  3:13  Drone  
  38  3:14  Drone  
  38  3:17  Drone  
  41  3:20  Drone  
  41  3:21  Drone  
  41  3:22  Drone  
  41  3:24  Overlord  
  44  3:29  Drone x3  
  47  3:34  Queen  
  47  3:38  Overlord  
  49  3:42  Zergling x4  
  51  3:49  Queen, Zergling x4  
  51  3:54  Queen  
  57  3:58  Drone x2  
  58  4:03  Overlord, Drone  
  58  4:04  Drone  
  58  4:08  Drone x2  
  62  4:11  Queen  
  62  4:14  Drone x2  
  66  4:18  Overlord, Drone  
  66  4:22  Overlord  
  66  4:24  Drone  
  68  4:28  Drone x3  
  68  4:29  Extractor  
  68  4:30  Overlord  
  70  4:34  Overlord, Drone  
  70  4:38  Drone x3  
  73  4:42  Lair  
  73  4:45  Spore Crawler  
  73  4:48  Spore Crawler  
  73  4:49  Drone, Spore Crawler  
  73  4:50  Drone  
  73  4:53  Zergling x4  
  73  4:54  Zergling x2  
  73  4:55  Drone  
  73  4:56  Drone  
  73  4:59  Drone x3  
  81  5:01  Drone  
  81  5:02  Drone  
  81  5:04  Drone x2  
  81  5:05  Drone  
  86  5:09  Drone  
  86  5:12  Baneling Nest, Queen  
  86  5:13  Drone  
  89  5:15  Drone  
  89  5:17  Drone  
  89  5:18  Extractor  
  89  5:19  Extractor  
  89  5:20  Drone  
  90  5:23  Extractor, Drone x2  
  90  5:24  Extractor  
  90  5:28  Overlord  
  90  5:29  Drone x2  
  90  5:31  Drone  
  90  5:33  Drone x3  
  90  5:35  Drone x3  
  99  5:36  Overlord  
  99  5:45  Hatchery  
  99  5:46  Spire, Overseer  
  98  5:50  Zergling x6  
  99  5:57  Overlord  
  99  5:58  Zergling x10  
  104  6:04  Overlord  
  104  6:05  Centrifugal Hooks  
  103  6:11  Drone  
  103  6:13  Zergling x2  
  103  6:14  Zergling x10  
  110  6:22  Drone  
  110  6:23  Evolution Chamber  
  110  6:24  Evolution Chamber  
  110  6:25  Overlord  
  109  6:26  Hatchery  
  109  6:29  Overlord  
  109  6:31  Overlord  
  107  6:34  Overlord  
  107  6:46  Drone x2  
  109  6:52  Drone x2  
  111  6:58  Mutalisk x10  
  131  7:07  Drone x3  
  131  7:08  Drone  
  135  7:12  Zerg Melee Weapons Level 1  
  135  7:13  Overlord  
  135  7:14  Zerg Ground Armor Level 1  
  135  7:15  Zergling x16  
  142  7:20  Zergling x2  
  142  7:21  Baneling x5  
  143  7:25  Baneling x2  
  143  7:26  Zergling x6  
  143  7:27  Baneling x2  
  143  7:29  Drone  
  147  7:33  Baneling x3  
  147  7:34  Overlord, Drone  
  147  7:35  Drone x2  
  150  7:37  Spore Crawler  
  150  7:39  Overseer  
  150  7:41  Zerg Flyer Weapons Level 1  
  150  7:42  Baneling  
  150  7:43  Overlord  
  149  7:46  Drone x3  
  149  7:47  Drone  
  149  7:48  Drone x3  
  149  7:50  Zergling x14  
  163  7:54  Baneling x5  
  163  7:58  Baneling x5  
  163  8:04  Zergling x12  
  169  8:08  Zergling x10  
  169  8:10  Baneling x7  
  169  8:11  Baneling  
  169  8:12  Zergling x4  
  169  8:17  Zergling x2  
  169  8:18  Zergling x12  
  172  8:24  Zergling x14  
  169  8:32  Zergling x6  
  163  8:36  Zergling x2  
  163  8:37  Zergling x8  
  163  8:39  Zergling x2  
  160  8:42  Hatchery, Zergling x8  
  160  8:45  Zergling x2  
  160  8:46  Zergling x2  
  163  8:49  Overlord  
  163  8:51  Drone x2  
  163  8:53  Drone  
  142  8:56  Zergling x2  
  142  9:02  Mutalisk, Baneling x6  
  129  9:06  Mutalisk x2  
  129  9:07  Mutalisk x2  
  139  9:12  Extractor  
  139  9:13  Extractor  
  137  9:18  Hatchery  
  137  9:19  Zergling x6  
  137  9:20  Baneling  
  137  9:21  Baneling x4  
  137  9:22  Zergling x4  
  141  9:25  Baneling  
  141  9:26  Baneling x5  
  141  9:28  Zergling x2  
  142  9:32  Zergling x2  
  142  9:36  Zergling x2  
  142  9:38  Zergling x2  
  145  9:43  Baneling x2  
  145  9:44  Baneling x6, Zergling x2  
  145  9:45  Zergling x8  
  148  9:47  Zergling x2  
  148  9:48  Zergling x4  
  148  9:52  Zergling x8  
  137  10:01  Zergling x6  
  137  10:06  Mutalisk x2  
  130  10:12  Mutalisk  
  130  10:15  Zergling x10  
  134  10:25  Mutalisk  
  134  10:26  Mutalisk  
  134  10:27  Zergling x6  
  141  10:30  Drone x2  
  141  10:31  Baneling  
  141  10:32  Baneling  
  141  10:33  Drone x2  
  145  10:37  Overlord  
  145  10:41  Zergling x6  
  145  10:42  Pneumatized Carapace  
  148  10:43  Queen  
  148  10:44  Queen  
  148  10:45  Zergling x2  
  148  10:49  Baneling x6  
  153  10:53  Overlord  
  153  10:54  Zergling x8  
  153  10:57  Baneling x5  
  157  10:59  Zergling x2  
  157  11:02  Zergling x4  
  157  11:03  Zergling x8  
  163  11:08  Zergling x2  
  162  11:19  Mutalisk x3  
  162  11:21  Zergling x2  
  162  11:24  Zergling x6  
  164  11:29  Zergling x8  
  164  11:31  Baneling x6  
  158  11:35  Hatchery  
  158  11:38  Mutalisk x2, Evolution Chamber  
  161  11:40  Zergling x8, Evolution Chamber  
  161  11:41  Baneling  
  161  11:42  Zergling x2  
  161  11:45  Zergling x2  
  165  11:49  Baneling x7  
  165  11:50  Extractor  
  165  11:51  Zergling x4  
  165  11:52  Baneling x2  
  165  11:53  Extractor  
  163  11:54  Zergling x2  
  163  11:55  Zergling x2  
  163  11:58  Zergling x2  
  163  11:59  Zergling x6  
  169  12:03  Zergling x14  
  176  12:12  Zergling x10  
  171  12:16  Zerg Melee Weapons Level 2, Zerg Ground Armor Level 2  
  171  12:17  Zergling x2  
  171  12:18  Zergling x4  
  171  12:22  Zergling x2  
  170  12:25  Zergling x2  
  170  12:28  Zergling x6  
  164  12:30  Zergling x2  
  164  12:31  Zergling x4  
  150  12:38  Zergling x8  
  150  12:40  Hatchery  
  150  12:42  Hatchery  
  150  12:43  Baneling  
  150  12:44  Baneling x18  
  151  12:47  Zergling x4  
  151  12:50  Zergling x2  
  151  12:51  Zergling x2  
  155  12:54  Hatchery  
  155  12:56  Zergling x2  
  155  12:57  Baneling x8  
  153  13:00  Overlord  
  153  13:03  Drone x3  
  153  13:04  Drone  
  157  13:10  Baneling x9  
  157  13:11  Zergling x2  
  157  13:12  Overlord  
  158  13:15  Zergling x2  
  158  13:16  Baneling x4  
  158  13:19  Zergling x2  
  165  13:20  Zergling x10  
  165  13:24  Drone  
  165  13:25  Infestation Pit  
  165  13:30  Drone x2  
  165  13:33  Drone x3  
  170  13:35  Drone x2  
  170  13:38  Overseer  
  170  13:40  Zergling x2  
  173  13:45  Mutalisk x2  
  173  13:47  Zergling x4  
  179  13:50  Baneling x8  
  179  13:51  Zergling x4  
  179  13:53  Zergling x4  
  179  13:54  Zergling x2  
  184  14:00  Zergling x10  
  189  14:08  Zergling x12  
  189  14:09  Baneling x8  
  195  14:15  Zergling x8  
  199  14:34  Zergling x20  
  199  14:35  Zergling x2  
  199  14:38  Zergling x6  
  178  14:40  Zergling x6  
  178  14:43  Zergling x2  
  171  14:47  Zergling x4  
  171  14:50  Zergling x4  
  171  14:51  Baneling x4  
  171  14:55  Baneling x23  
  171  14:56  Zergling x14  
  171  14:57  Zergling x4  
Show
View Real Time Build Order
Export as new Build Order

Oliveira Terran 

Build Orders: Reaper Expand, Hellion Banshee 

Get SALT Encoding   

  12  0:00  SCV  
  13  0:12  SCV  
  14  0:17  Supply Depot  
  14  0:24  SCV  
  15  0:38  SCV  
  15  0:40  Barracks  
  16  0:42  Refinery  
  16  0:50  SCV  
  17  1:03  SCV  
  18  1:15  SCV  
  19  1:28  Orbital Command, Reaper  
  20  1:39  Command Center  
  20  1:49  Supply Depot  
  20  1:54  SCV  
  21  1:59  Marine  
  22  2:06  SCV  
  23  2:13  Factory  
  23  2:18  SCV  
  23  2:20  Barracks Reactor  
  24  2:30  SCV  
  25  2:40  Command Center  
  25  2:42  SCV  
  26  2:51  Orbital Command  
  26  3:00  SCV  
  26  3:02  Hellion  
  26  3:03  Hellion  
  31  3:10  Starport  
  31  3:14  Refinery  
  31  3:16  Barracks Tech Lab  
  31  3:18  SCV  
  32  3:21  SCV  
  32  3:26  Hellion  
  35  3:30  Hellion  
  35  3:32  SCV  
  39  3:34  SCV  
  39  3:42  Marine  
  39  3:44  SCV  
  39  3:46  SCV  
  42  3:52  Banshee  
  42  3:53  Orbital Command  
  45  3:57  SCV  
  45  4:01  Hellion x2  
  50  4:03  SCV  
  50  4:06  Cloaking Field  
  50  4:09  SCV  
  52  4:13  Supply Depot  
  52  4:15  SCV  
  53  4:18  Barracks Tech Lab  
  53  4:19  SCV  
  53  4:21  SCV  
  53  4:23  Hellion  
  57  4:25  Hellion  
  57  4:27  SCV  
  60  4:31  SCV  
  60  4:35  SCV  
  60  4:36  Banshee  
  65  4:39  Supply Depot  
  65  4:40  SCV  
  65  4:42  Stimpack  
  65  4:43  Marine, SCV  
  68  4:47  SCV  
  68  4:50  Barracks  
  69  4:54  Factory Reactor  
  69  4:58  Barracks  
  69  5:00  Marine, SCV x3  
  69  5:01  Supply Depot  
  69  5:05  Supply Depot  
  73  5:12  Engineering Bay, SCV x2  
  73  5:14  SCV  
  76  5:17  Engineering Bay  
  76  5:19  Marine, Refinery  
  76  5:21  Refinery  
  77  5:24  SCV x2  
  77  5:27  SCV  
  80  5:32  Starport Reactor  
  80  5:35  Barracks x2  
  80  5:37  Orbital Command  
  80  5:46  Siege Tank  
  80  5:47  Barracks  
  80  5:49  Barracks  
  83  5:50  SCV  
  83  5:51  Barracks  
  83  5:53  Marine x2  
  83  5:54  Marine  
  83  5:56  SCV  
  88  5:58  Terran Infantry Armor Level 1, Terran Infantry Weapons Level 1  
  88  6:02  Marine x2  
  88  6:03  Supply Depot  
  88  6:04  Supply Depot  
  90  6:05  SCV  
  90  6:10  SCV  
  92  6:11  SCV  
  93  6:24  Barracks Reactor x2  
  93  6:25  Marine x4, Medivac x2, SCV  
  102  6:26  SCV  
  102  6:28  Supply Depot  
  102  6:29  SCV, Supply Depot  
  102  6:31  Marine  
  105  6:35  Siege Tank  
  105  6:37  SCV  
  109  6:43  Refinery, Supply Depot  
  109  6:45  Combat Shield  
  109  6:49  Marine x6, SCV x2  
  109  6:50  Marine  
  109  6:51  Marine  
  119  6:55  SCV  
  119  6:58  Supply Depot  
  119  7:00  Medivac  
  119  7:01  Medivac  
  124  7:05  SCV, Missile Turret  
  124  7:06  Marine, Missile Turret  
  124  7:07  Marine x3  
  129  7:10  Siege Tank  
  129  7:13  Marine  
  133  7:16  Supply Depot  
  133  7:19  Marine x5  
  138  7:24  Marine  
  138  7:25  Armory  
  138  7:26  Marine x2  
  141  7:31  Supply Depot  
  141  7:37  Marine x4, Medivac x2  
  141  7:39  Supply Depot  
  149  7:52  Marine x5, Siege Tank, SCV  
  149  7:53  Missile Turret  
  149  7:58  Marine  
  157  8:00  Marine x3  
  156  8:06  Marine  
  156  8:07  Marine x2  
  156  8:10  Marine x2  
  160  8:13  Marine  
  160  8:16  Marine x2  
  159  8:20  Marine  
  159  8:21  Marine x3  
  159  8:24  Marine x2  
  158  8:28  Terran Infantry Weapons Level 2, Terran Infantry Armor Level 2  
  158  8:31  Marine  
  158  8:32  Marine  
  158  8:33  Marine x2  
  156  8:35  SCV x2  
  156  8:38  SCV  
  158  8:47  SCV, Supply Depot  
  156  8:49  Marine x2  
  131  8:57  Marine x3  
  131  8:59  Siege Tank  
  131  9:00  Medivac  
  131  9:01  Marine  
  126  9:06  Missile Turret  
  126  9:08  Marine x3  
  129  9:12  Marine x3  
  129  9:13  Marine  
  133  9:17  Marine x3  
  133  9:19  Marine  
  135  9:25  Marine  
  135  9:26  Marine  
  135  9:29  Missile Turret  
  135  9:30  Marine  
  137  9:36  Marine x2  
  137  9:37  Marine x2  
  139  9:40  Marine x2  
  139  9:44  Marine  
  139  9:45  Marine x2  
  139  9:47  Marine x2  
  139  9:51  Marine  
  126  9:54  Marine x2  
  126  9:55  Siege Tank, Marine  
  126  9:57  Marine  
  127  10:04  Marine  
  127  10:05  Marine  
  127  10:06  Marine  
  100  10:09  Marine x5  
  100  10:13  Marine x3, Medivac x2  
  102  10:17  Marine  
  103  10:22  Marine  
  103  10:23  Marine  
  103  10:24  Marine  
  103  10:27  Marine x3  
  109  10:28  Siege Tank  
  109  10:29  Marine x2  
  109  10:33  Marine x3  
  117  10:36  Marine  
  117  10:40  Marine  
  117  10:41  Marine  
  120  10:43  Marine  
  120  10:45  Marine x2  
  120  10:46  Marine  
  124  10:51  Marine x2  
  124  10:52  Medivac x2  
  124  10:54  Marine x2  
  133  11:00  Marine x3, Supply Depot  
  135  11:09  Siege Tank  
  138  11:15  Marine  
  138  11:16  Command Center  
  139  11:19  Marine  
  139  11:20  Marine  
  127  11:25  SCV  
  127  11:26  Marine x3, SCV  
  127  11:28  Marine x2, SCV  
  127  11:31  Terran Infantry Armor Level 3  
  124  11:33  Marine x2  
  124  11:36  Marine  
  124  11:37  Marine  
  124  11:38  SCV  
  129  11:40  Marine  
  129  11:46  Marine  
  130  11:47  Marine, SCV  
  130  11:50  Marine x3  
  133  11:55  SCV x2  
  133  11:56  Marine  
  132  12:21  SCV  
  132  12:25  Marine  
  132  12:26  Marine x2  
  132  12:27  Marine x2  
  134  12:36  Marine x7  
  110  12:37  Siege Tank  
  110  12:38  Terran Infantry Weapons Level 3  
  110  12:40  Medivac  
  110  12:41  Medivac  
  110  12:42  Marine  
  110  12:43  Drilling Claws  
  115  12:44  Marine x2  
  115  12:45  Marine, Factory  
  118  12:51  SCV  
  118  12:52  SCV  
  118  12:57  Marine x2  
  120  13:02  Marine  
  120  13:03  Marine x3, Missile Turret  
  120  13:04  Marine  
  126  13:06  SCV x2  
  126  13:07  SCV  
  126  13:08  Barracks Tech Lab  
  126  13:09  Barracks Tech Lab  
  126  13:12  Planetary Fortress  
  128  13:18  SCV  
  129  13:20  Siege Tank  
  129  13:21  Marine  
  129  13:24  Marine  
  129  13:26  SCV x2  
  136  13:30  SCV  
  136  13:34  Marine x2  
  137  13:35  Factory Reactor  
  137  13:37  Barracks Tech Lab x2, Marauder x2  
  137  13:38  Sensor Tower  
  137  13:40  Marine  
  143  13:42  Marine x3  
  141  13:49  SCV  
  141  13:53  Thor  
  141  13:55  Medivac  
  150  13:58  Marauder  
  150  14:02  Marine x2  
  154  14:12  Widow Mine x2  
  154  14:13  Sensor Tower  
  154  14:14  Marauder x2  
  154  14:16  Marine  
  163  14:18  Marine, Command Center  
  163  14:23  Marine  
  163  14:24  SCV  
  166  14:27  Barracks Tech Lab  
  166  14:28  Concussive Shells  
  166  14:29  Marauder  
  168  14:31  Sensor Tower  
  168  14:35  Missile Turret  
  168  14:36  Missile Turret  
  168  14:38  Missile Turret  
  142  14:41  Marine x2, Marauder  
  142  14:45  Marine  
  135  14:47  Marine x2  
  135  14:48  Marauder  
  138  14:58  Marine  

Tags
 
Add a new tag
Caveats
  • Supply blocks, unpowered buildings, or Contaminate may cause inaccurate times.
  • Supply counts are checked every 10 seconds.